 Seeded DCSS version 0.30-a0-393-g54b8e3be05 (webtiles) character file.

Game seed: 60221415 (custom seed)

72 McGhostyFace the Carver (level 4, 34/34 HPs)
             Began as a Gnoll Wanderer on Dec 6, 2022.
             Quit the game on level 2 of the Dungeon.
             The game lasted 00:03:21 (1982 turns).

McGhostyFace the Carver (Gnoll Wanderer)            Turns: 1982, Time: 00:03:21

Health: 34/34      AC:  4    Str: 11    XL:     4   Next: 25%
Magic:  8/8        EV: 11    Int: 13    God:
Gold:   149        SH:  0    Dex: 12    Spells: 8/9 levels left

rFire   . . .      SeeInvis .    r - +8 hand axe "Goudunu" {spect, Fly Will+ Stlth-}
rCold   . . .      Faith    .    (no shield)
rNeg    . . .      Spirit   .    h - +0 leather armour
rPois   .          Reflect  .    (no helmet)
rElec   .          Harm     .    (no cloak)
rCorr   .          Rampage  .    j - +0 pair of gloves
Will    +....                    (no boots)
Stlth   +.........               (no amulet)
HPRegen 0.25/turn                (no ring)
MPRegen 0.11/turn                (no ring)

@: flying
A: fangs 1, strong nose, distributed training
a: no special abilities


You were on level 2 of the Dungeon.
You visited 1 branch of the dungeon, and saw 2 of its levels.

You collected 149 gold pieces.

Inventory:

Hand Weapons
 a - a +2 falchion
 r - the +8 hand axe "Goudunu" (weapon) {spect, Fly Will+ Stlth-}
   (You took it off a kobold on level 2 of the Dungeon)

   When its wielder attacks, the weapon's spirit leaps out and strikes again.
   The spirit shares a part of any damage it takes with its wielder.
   Fly:       It grants you flight.
   Will:      It increases your willpower.
   Stlth:     It makes you less stealthy.
Missiles
 b - 12 boomerangs (quivered)
Armour
 h - a +0 leather armour (worn)
 j - a +0 pair of gloves (worn)
Jewellery
 u - a +4 ring of protection
Scrolls
 e - a scroll of blinking {unknown}
 g - a scroll of amnesia {unknown}
 i - 5 scrolls of identify {unknown}
 n - a scroll of fear {unknown}
 o - a scroll of teleportation {unknown}
 t - a scroll of torment {unknown}
 v - a scroll of magic mapping {unknown}
Potions
 c - a potion of berserk rage {unknown}
 d - a potion of might
 f - 5 potions of brilliance {unknown}
 k - a potion of degeneration {unknown}
 l - a potion of heal wounds {unknown}
 m - a potion of haste {unknown}
 p - a potion of curing {unknown}
 q - a potion of attraction {unknown}
 s - a potion of cancellation {unknown}


   Skills:
 + Level 2.7 Fighting
 + Level 1.1 Short Blades
 + Level 8.5 Long Blades
 + Level 1.1 Axes
 + Level 1.1 Maces & Flails
 + Level 1.1 Polearms
 + Level 1.1 Staves
 + Level 1.1 Ranged Weapons
 + Level 4.6 Throwing
 + Level 1.1 Armour
 + Level 1.1 Dodging
 + Level 2.5 Stealth
 + Level 1.1 Shields
 + Level 1.1 Unarmed Combat
 + Level 3.0 Spellcasting
 + Level 0.9 Conjurations
 + Level 0.9 Hexes
 + Level 0.9 Summonings
 + Level 0.9 Necromancy
 + Level 0.9 Translocations
 + Level 0.9 Transmutations
 + Level 0.9 Fire Magic
 + Level 0.9 Ice Magic
 + Level 2.2 Air Magic
 + Level 0.9 Earth Magic
 + Level 0.9 Poison Magic
 + Level 1.2 Invocations
 + Level 1.1 Evocations


You had 8 spell levels left.
You knew the following spells:

 Your Spells              Type           Power      Damage    Failure   Level
a - Shock                 Conj/Air       24%        1d4       16%         1

Your spell library contained the following spells:

 Spells                   Type           Power      Damage    Failure   Level
 Mephitic Cloud           Conj/Pois/Air  5%         N/A       45%         3
 Dazzling Flash           Conj/Hex       8%         N/A       52%         3
 Iskenderun's Mystic Bla  Conj/Tloc      4%         2d3       90%         4
 Starburst                Conj/Fire      2%         6d3       100%        6


Dungeon Overview and Level Annotations

Branches:
Dungeon (2/15)

Altars:
Okawaru


Innate Abilities, Weirdness & Mutations

You have very sharp teeth.
Your uncanny sense of smell can sniff out nearby items.
Your experience applies equally to all skills.


Message History

The dart slug launches a dart at you. The slug dart hits you.
The dart slug barely misses you.
You hit the dart slug. You bite the dart slug.
The dart slug is severely wounded.
Your +8 hand axe "Goudunu" {spect, Fly Will+ Stlth-} hits the dart slug!
You kill the dart slug!
No target in view!
No target in view!
No target in view!
No target in view!
A bat comes into view.
A bat is nearby!
The bat closely misses you.
You closely miss the bat. The bat closely misses you.
The bat hits you but does no damage. x2
You hit the bat.
You kill the bat!
No target in view!
No target in view!
No target in view!
You see here a +0 quarterstaff.
There is a stone staircase leading down here.
v - a scroll labelled VUC ADEUSTROL Done exploring.
Done exploring.
Done exploring.
No target in view!
No target in view!
No target in view!
(D) Dungeon
Where to? (Enter - D:2, ? - help)
What level of the Dungeon? (default 1, ? - help)
Okay, then.
Save game and exit?
Welcome back, McGhostyFace the Gnoll Wanderer.
Game seed: 60221415 (custom seed) Press ? for a list of commands and other information.
Okay, then.
Are you sure you want to abandon this character and quit the game? (Confirm with "yes".)

#.......#
#######.##.#
#.# #.......#
#.##....# #..
#.......#
#.####### ###
#.......# #.#
#.......# #.#
#.......# #.#
######### #.#
#.#
#@###########
#...........#
###########.#
#.# #.# #.#
#.# #.#
#.######


There were no monsters in sight!

Vanquished Creatures
  2 adders (D:2)
  A worm (D:2)
  2 dart slugs (D:2)
  6 ball pythons
  3 endoplasms
  5 giant cockroaches
  3 goblins
  4 hobgoblins
  4 quokkas
  6 bats
  3 frilled lizards (D:2)
  2 kobolds
  4 rats
45 creatures vanquished.

Vanquished Creatures (others)
  54 plants (D:2)
54 creatures vanquished.

Grand Total: 99 creatures vanquished

Notes
Turn   | Place    | Note
-------+----------+-------------------------------------------
     0 | D:1      | McGhostyFace the Gnoll Wanderer began the quest for the
                  | Orb.
     0 | D:1      | McGhostyFace set off with the following items: a +2
                  | falchion, 7 boomerangs, a +0 dagger, a potion of might, a
                  | +0 robe; and the following spell memorised: Shock; and the
                  | following spells available to memorise: Mephitic Cloud.
     0 | D:1      | Reached XP level 1. HP: 17/17 MP: 4/4
    95 | D:1      | Reached XP level 2. HP: 15/23 MP: 5/5
  1144 | D:2      | Reached XP level 3. HP: 28/28 MP: 7/7
  1175 | D:2      | Identified the +8 hand axe "Goudunu" {spect, Fly Will+
                  | Stlth-}
  1307 | D:2      | Reached skill level 1 in Invocations
  1341 | D:2      | Reached skill level 1 in Short Blades
  1341 | D:2      | Reached skill level 1 in Axes
  1341 | D:2      | Reached skill level 1 in Maces & Flails
  1341 | D:2      | Reached skill level 1 in Polearms
  1341 | D:2      | Reached skill level 1 in Staves
  1341 | D:2      | Reached skill level 1 in Ranged Weapons
  1341 | D:2      | Reached skill level 1 in Armour
  1341 | D:2      | Reached skill level 1 in Dodging
  1341 | D:2      | Reached skill level 1 in Shields
  1341 | D:2      | Reached skill level 1 in Unarmed Combat
  1341 | D:2      | Reached skill level 1 in Evocations
  1374 | D:2      | Found an iron altar of Okawaru.
  1388 | D:2      | Reached XP level 4. HP: 34/34 MP: 8/8
  1982 | D:2      | Quit the game

Illustrated notes

Levels and vault maps discovered:
D:1:      erik_arrival_cave_to_civilisation [erik_arrival_cave_to_hall],
          layout_basic, grunt_decor_clamped, columned_hall_lemuel
D:2:      wad_woods_stonehenge, layout_basic, minmay_misc_feat_encased

Skill      XL: |  1  2  3  4 |
---------------+-------------+-----
Air Magic      | 2 |  2.2
Invocations    | 1 |  1.2
Short Blades   | 1 |  1.1
Axes           | 1 |  1.1
Maces & Flails | 1 |  1.1
Polearms       | 1 |  1.1
Staves         | 1 |  1.1
Ranged Weapons | 1 |  1.1
Armour         | 1 |  1.1
Dodging        | 1 |  1.1
Shields        | 1 |  1.1
Unarmed Combat | 1 |  1.1
Evocations     | 1 |  1.1
Spellcasting   | 3 |  3.0
Fighting       | |  2.7
Long Blades    | |  8.5
Throwing       | |  4.6
Stealth        | |  2.5
Conjurations   | |  0.9
Hexes          | |  0.9
Summonings     | |  0.9
Necromancy     | |  0.9
Translocations | |  0.9
Transmutations | |  0.9
Fire Magic     | |  0.9
Ice Magic      | |  0.9
Earth Magic    | |  0.9
Poison Magic   | |  0.9

Action                   |  1- 3 |  4- 6 || total
-------------------------+-------+-------++-------
Melee: Falchion          |    65 |       ||    65
       Bite              |     6 |     1 ||     7
       Hand axe          |     9 |    13 ||    22
       Punch             |     1 |       ||     1
Throw: Boomerang         |     5 |       ||     5
 Stab: Sleeping          |     3 |       ||     3
Armor: Robe              |     2 |       ||     2
       Leather armour    |    22 |     5 ||    27
Dodge: Dodged            |    30 |     7 ||    37

Table legend: (Time is in decaauts)
 A = Elapsed time spent in this place.
 B = Non-inter-level travel time spent in this place.
 C = Inter-level travel time spent in this place.
 D = Time resting spent in this place.
 E = Time spent auto-exploring this place.
 F = Levels seen in this place.
 G = Mean time per level.
                   A        B        C        D        E       F      G
               +--------+--------+--------+--------+--------+-----+--------+
         Total |   1979 |   1950 |     29 |    141 |   1449 |   2 |  989.5 |
       Dungeon |   1979 |   1950 |     29 |    141 |   1449 |   2 |  989.5 |
               +--------+--------+--------+--------+--------+-----+--------+

Top non-repeatable levels by time:
     D:1: 1051 daAuts
     D:2: 928 daAuts
